Map: Goldene Säulen LE

Players

makeaturret

  • Race: Terran Terran
  • League: Platinum
  • Spawn Location: 7:00

Hydropic - Winner!

  • Race: Zerg Zerg
  • League: Diamond
  • Spawn Location: 1:00

VOD

Have the link to the VOD?

Description

Time

  • Played on: Jan. 25, 2021, 4:48 p.m.
  • Length: 14:03
Show
View Real Time Build Order
Export as new Build Order

makeaturret Terran 

Build Orders: Reaper Expand 

Get SALT Encoding   

  12  0:00  SCV  
  13  0:12  SCV  
  14  0:19  Supply Depot  
  14  0:25  SCV  
  15  0:40  SCV  
  15  0:41  Barracks  
  16  0:50  Refinery  
  16  0:52  SCV  
  17  1:08  SCV  
  18  1:20  SCV  
  19  1:35  Command Center, Reaper  
  20  1:45  Supply Depot  
  20  1:46  SCV  
  21  1:58  SCV  
  22  2:10  SCV  
  22  2:12  Factory  
  22  2:14  Marine  
  24  2:18  Refinery  
  24  2:26  Orbital Command  
  24  2:47  Barracks Reactor  
  24  2:56  SCV  
  25  3:08  SCV  
  25  3:09  SCV  
  27  3:20  Factory Tech Lab, SCV  
  27  3:21  Starport  
  27  3:22  SCV  
  29  3:32  SCV  
  29  3:34  SCV  
  31  3:37  Marine x2  
  33  3:42  Siege Tank  
  33  3:44  SCV  
  37  3:51  SCV  
  38  3:56  SCV  
  38  3:58  Starport Tech Lab  
  38  4:01  Barracks  
  38  4:02  Engineering Bay  
  39  4:03  SCV  
  39  4:08  SCV  
  41  4:15  SCV  
  42  4:21  SCV  
  42  4:22  Command Center  
  43  4:25  Cloaking Field  
  43  4:27  Banshee  
  46  4:37  Supply Depot  
  46  4:41  Supply Depot  
  46  4:49  Barracks Tech Lab  
  46  4:52  Terran Infantry Armor Level 1  
  46  4:54  Refinery  
  46  4:55  Refinery  
  46  4:59  Marine x2, SCV x2  
  50  5:03  Supply Depot  
  50  5:11  SCV  
  51  5:15  Supply Depot  
  51  5:20  Marine x2  
  55  5:21  Marauder  
  55  5:22  Stimpack  
  55  5:25  Siege Tank  
  58  5:40  Marine x2  
  60  5:50  Command Center  
  60  6:01  Marine x2  
  62  6:17  Marauder  
  64  6:19  Marine x2  
  64  6:23  Starport, Barracks  
  66  6:25  Fusion Core  
  66  6:29  Missile Turret  
  66  6:36  Marine  
  66  6:37  Marine  
  66  6:38  Marine  
  69  6:40  Siege Tank  
  72  6:54  Marine x2  
  72  6:55  Marine  
  75  7:05  SCV  
  75  7:06  SCV  
  74  7:12  Marine x2, Siege Tank  
  74  7:14  Marauder  
  81  7:17  Starport Tech Lab  
  81  7:18  SCV  
  81  7:21  Battlecruiser  
  86  7:31  Planetary Fortress  
  86  7:35  Barracks Reactor  
  86  7:36  Combat Shield  
  86  7:39  SCV  
  86  7:42  SCV  
  88  7:51  SCV  
  88  7:52  Medivac  
  88  7:56  Weapon Refit  
  91  7:58  Marine x3  
  91  8:03  SCV  
  95  8:07  Terran Infantry Weapons Level 1  
  95  8:09  Starport, SCV  
  96  8:13  Hyperflight Rotors  
  96  8:16  Marine  
  97  8:21  SCV x2  
  99  8:33  SCV x2  
  101  8:45  SCV  
  101  8:47  Marine x2  
  101  8:48  Marine x3  
  106  8:49  Orbital Command  
  107  8:56  Starport Tech Lab  
  107  8:57  SCV  
  107  9:01  Refinery  
  108  9:14  Supply Depot x3  
  108  9:18  Marine  
  108  9:19  Marine  
  108  9:20  Marine  
  108  9:21  Marine  
  107  9:31  Supply Depot  
  107  9:34  Armory  
  107  9:35  Banshee x2  
  107  9:36  Marine, Siege Tank, Marauder  
  107  9:37  Marine  
  107  9:38  Marine x2  
  122  9:54  Marine  
  122  9:55  Marine  
  122  9:56  Marine  
  122  9:57  Banshee, Marauder  
  122  9:59  Marine  
  131  10:00  SCV  
  132  10:08  Siege Tank  
  132  10:12  Marine, SCV  
  133  10:18  Banshee x2, Marauder  
  133  10:20  Marine x3  
  106  10:25  SCV  
  94  10:30  Marine  
  85  10:37  Marine, SCV  
  85  10:38  Marine x2  
  85  10:40  Banshee, Marauder  
  87  10:48  Marine  
  78  10:55  Marine, SCV  
  78  10:56  Marine x2  
  74  11:01  Marauder  
  60  11:07  SCV  
  60  11:09  SCV  
  60  11:11  SCV  
  60  11:16  Marine x4  
  62  11:19  SCV  
  62  11:21  SCV  
  62  11:22  Marauder  
  62  11:23  SCV  
  67  11:31  SCV  
  68  11:34  Marine, SCV, Medivac x2  
  68  11:35  SCV, Medivac  
  77  11:43  SCV  
  77  11:44  Marauder  
  77  11:46  SCV  
  81  11:48  SCV  
  82  11:56  SCV  
  82  12:00  SCV  
  84  12:05  Marauder  
  84  12:06  Marine x2  
  84  12:07  Marauder  
  84  12:08  SCV  
  82  12:10  Liberator  
  82  12:13  Liberator  
  82  12:14  Liberator  
  91  12:16  Concussive Shells  
  91  12:20  SCV  
  91  12:21  SCV  
  93  12:24  Marine x2  
  93  12:27  SCV, Refinery, Marauder  
  93  12:28  Marauder  
  99  12:31  SCV  
  99  12:32  SCV  
  99  12:33  SCV  
  99  12:35  Refinery  
  99  12:36  Refinery  
  102  12:39  SCV  
  102  12:43  SCV  
  104  12:44  SCV  
  104  12:45  SCV, Factory  
  104  12:46  Hellion x2  
  104  12:48  Marauder  
  104  12:50  Marauder  
  114  12:51  SCV  
  114  12:55  SCV  
  114  12:56  SCV  
  114  12:57  SCV  
  118  13:08  Hellion x2  
  118  13:09  Marauder  
  124  13:13  Factory  
  124  13:23  Supply Depot  
  124  13:24  Supply Depot  
  124  13:40  Supply Depot  
  124  13:42  Marine x3, Command Center  
  124  13:44  Marine  
  124  13:45  SCV x2  
  124  13:47  Supply Depot  
Show
View Real Time Build Order
Export as new Build Order

Hydropic Zerg - Winner!

Build Orders: Hatch First 

Get SALT Encoding   

  12  0:00  Drone  
  13  0:12  Overlord  
  13  0:17  Drone  
  14  0:31  Drone x2  
  16  0:50  Hatchery  
  16  0:52  Drone  
  16  0:57  Drone  
  16  1:00  Drone  
  18  1:10  Extractor  
  17  1:17  Spawning Pool  
  16  1:20  Drone  
  16  1:24  Drone  
  18  1:29  Drone  
  19  1:39  Overlord  
  19  1:50  Drone  
  20  2:04  Zergling x2  
  20  2:05  Zergling x2, Queen x2  
  26  2:11  Drone  
  26  2:14  Metabolic Boost  
  27  2:17  Drone  
  27  2:22  Drone  
  29  2:39  Hatchery  
  29  2:41  Drone  
  29  2:43  Drone  
  30  2:46  Drone  
  31  2:51  Overlord  
  31  2:57  Drone x2  
  33  3:04  Spine Crawler  
  32  3:11  Drone  
  32  3:12  Drone x2  
  36  3:15  Drone x3  
  38  3:22  Drone x4  
  42  3:28  Overlord  
  42  3:32  Overlord  
  42  3:46  Queen  
  44  3:50  Extractor  
  44  3:52  Drone x3  
  44  3:53  Drone  
  44  3:55  Extractor  
  46  4:00  Drone x2  
  48  4:10  Drone x5  
  48  4:11  Queen  
  48  4:15  Drone x3  
  58  4:23  Overlord  
  58  4:35  Baneling Nest  
  58  4:36  Evolution Chamber, Queen  
  58  4:42  Zergling x10  
  63  4:47  Zergling x6  
  63  4:48  Overlord x2  
  66  4:56  Overlord x2  
  66  5:11  Zergling x18  
  75  5:18  Zergling x4  
  77  5:24  Zergling x4  
  77  5:25  Zergling x4  
  77  5:28  Lair  
  81  5:29  Pneumatized Carapace  
  81  5:33  Drone x2  
  83  5:38  Drone x2  
  83  5:41  Drone x3  
  84  5:52  Zergling x10, Overlord  
  84  5:53  Overlord  
  89  6:00  Overlord  
  89  6:12  Spore Crawler  
  89  6:15  Spore Crawler  
  89  6:16  Spore Crawler  
  84  6:20  Zergling x2  
  84  6:21  Zergling x22  
  95  6:26  Overseer x2  
  95  6:33  Hydralisk Den  
  92  6:48  Drone  
  92  6:49  Drone x6  
  92  6:50  Drone x4  
  101  7:01  Drone x3, Extractor  
  99  7:03  Queen  
  99  7:05  Hatchery  
  100  7:14  Zerg Ground Armor Level 1  
  100  7:19  Evolution Chamber  
  100  7:20  Drone x4  
  102  7:24  Extractor  
  102  7:28  Zergling x4  
  88  7:35  Hydralisk x6  
  100  7:39  Centrifical Hooks  
  100  7:42  Baneling x10  
  100  7:49  Zergling x6  
  103  7:54  Zergling x2  
  104  8:00  Zergling x4  
  104  8:03  Zergling x16  
  114  8:20  Zerg Melee Weapons Level 1  
  114  8:21  Zergling x12  
  114  8:26  Overlord  
  119  8:43  Hydralisk x3, Queen  
  119  8:44  Overlord x2  
  127  8:50  Overlord x2  
  127  8:54  Drone  
  128  9:01  Baneling  
  128  9:02  Baneling x5  
  128  9:03  Hydralisk x7  
  142  9:14  Hatchery  
  133  9:29  Zergling x28  
  147  9:38  Muscular Augments  
  141  9:46  Drone x4  
  141  9:47  Drone  
  146  9:54  Drone x5  
  146  9:59  Drone  
  153  10:00  Drone x3  
  153  10:03  Extractor  
  153  10:12  Zergling x16  
  147  10:19  Zergling x2  
  147  10:20  Zergling x10  
  122  10:25  Zergling x8  
  115  10:31  Zergling x8  
  115  10:32  Zergling x4  
  118  10:43  Hydralisk x4  
  118  10:44  Hydralisk  
  118  10:49  Grooved Spines  
  114  10:53  Hydralisk x5  
  115  10:58  Drone x3  
  115  10:59  Drone  
  95  11:19  Drone x2  
  95  11:20  Drone x11, Queen  
  95  11:25  Hydralisk x4  
  110  11:32  Drone x2  
  120  11:36  Drone x5  
  120  11:39  Extractor  
  124  11:49  Drone x2  
  124  11:50  Drone  
  124  11:52  Extractor  
  124  11:53  Hydralisk  
  124  11:54  Hydralisk x7  
  137  12:06  Hydralisk  
  137  12:07  Hydralisk x7  
  153  12:19  Zergling x20  
  163  12:24  Zergling x6  
  166  12:30  Overlord x2  
  166  12:41  Overlord  
  166  12:42  Overlord  
  166  12:51  Zergling x30  
  180  12:59  Zergling x2  
  180  13:00  Overlord x2  
  181  13:08  Zergling x18  
  190  13:15  Zergling x8  
  190  13:16  Infestation Pit  
  190  13:18  Baneling  
  190  13:19  Baneling x24  
  193  13:20  Baneling x10  
  194  13:27  Zergling x12  
  199  13:36  Hatchery, Spine Crawler  
  199  13:37  Spine Crawler  
Tags
 
Add a new tag
Caveats
  • Supply blocks, unpowered buildings, or Contaminate may cause inaccurate times.
  • Supply counts are checked every 10 seconds.